 Dungeon Crawl Stone Soup version 0.17-a0-1504-gb7d9117 (webtiles) character file.

4590 xeno23 the Arsonist (level 10, -3/61 HPs)
             Began as a Tengu Fire Elementalist on May 7, 2015.
             Was a Follower of Ashenzari.
             Slain by a griffon (14 damage)
             ... on level 7 of the Dungeon on July 10, 2015.
             The game lasted 01:13:38 (10426 turns).

xeno23 the Arsonist (Tengu Fire Elementalist)      Turns: 10426, Time: 01:13:38

Health: -3/61      AC:  4    Str:  9    XL:     10   Next: 41%
Magic:  10/16      EV: 17    Int: 19    God:    Ashenzari [*.....]
Gold:   506        SH:  0    Dex: 14    Spells: 5 memorised, 0 levels left

rFire  + . .     SeeInvis .     T - +3 halberd
rCold  x . .     Clarity  .     R - +2 robe {MR+}
rNeg   + . .     SustAt   .     (no shield)
rPois  .         Gourm    .     (helmet restricted)
rElec  .         Spirit   .     (no cloak)
rCorr  .         Warding  +     (no gloves)
rMut   .         Stasis   .     (boots unavailable)
MR     +....                    k - amulet of warding
Stlth  ++........               O - ring of fire
                                v - +5 ring of evasion

@: very slightly contaminated, invisible, somewhat resistant to hostile
enchantments, unstealthy
A: beak, talons 3, able to fly 1
a: Fly, Renounce Religion


You were on level 7 of the Dungeon.
You worshipped Ashenzari.
Ashenzari was aware of your devotion.
You were not hungry.

You visited 2 branches of the dungeon, and saw 9 of its levels.

You collected 506 gold pieces.

Inventory:

Hand weapons
 a - a +0 trident of piercing
 b - a +1 blowgun
 T - a +3 halberd (weapon)
Missiles
 n - 51 poisoned needles
 F - 5 javelins of penetration (quivered)
 L - 7 curare-tipped needles
 M - a throwing net
Armour
 R - a +2 robe of magic resistance (worn)
Jewellery
 k - an amulet of warding (around neck)
 o - an uncursed amulet of resist mutation
 t - an uncursed ring of poison resistance
 v - a +5 ring of evasion (left hand)
 w - an uncursed ring of protection from magic
 H - a cursed amulet of stasis
 O - a ring of fire (right hand)
Magical devices
 s - a wand of frost (47)
 D - a wand of hasting (3)
 P - a wand of frost (23)
Scrolls
 d - 4 scrolls of remove curse
 i - 2 scrolls of magic mapping
 q - a scroll of enchant weapon
 y - a scroll of enchant armour
 Q - 3 scrolls of immolation
 S - a scroll of identify
Potions
 e - 3 potions of mutation
 g - a potion of agility
 l - 2 potions of invisibility
 m - 2 potions of brilliance
 p - 4 potions of curing
 r - 3 potions of poison {unknown}
 u - a potion of heal wounds {unknown}
 x - 3 potions of flight
 A - a potion of lignification {unknown}
 B - 2 potions of resistance {unknown}
 G - a potion of degeneration {unknown}
 J - a potion of cure mutation {unknown}
 K - a potion of magic {unknown}
Books
 f - a book of Hinderance

   Spells                             Type                      Level
   a - Confusing Touch                Hexes                        2
   b - Confuse                        Hexes                        3
   c - Gell's Gravitas                Hexes/Translocation          3
   d - Petrify                        Transmutation/Earth          4
   e - Metabolic Englaciation         Hexes/Ice                    5
 h - a book of Unlife

   Spells                             Type                      Level
   a - Recall                         Summoning/Translocation      3
   b - Animate Dead                   Necromancy                   4
   c - Control Undead                 Necromancy                   4
   d - Cigotuvi's Embrace             Necromancy                   5
   e - Death Channel                  Necromancy                   6
   f - Simulacrum                     Ice/Necromancy               6
 C - a book of Battle

   Spells                             Type                      Level
   a - Infusion                       Charms                       1
   b - Shroud of Golubria             Charms/Translocation         2
   c - Song of Slaying                Charms                       2
   d - Spectral Weapon                Hexes/Charms                 3
   e - Regeneration                   Charms/Necromancy            3
 E - a book of Flames

   Spells                             Type                      Level
   a - Flame Tongue                   Conjuration/Fire             1
   b - Throw Flame                    Conjuration/Fire             2
   c - Conjure Flame                  Conjuration/Fire             3
   d - Inner Flame                    Hexes/Fire                   3
   e - Sticky Flame                   Conjuration/Fire             4
   f - Fireball                       Conjuration/Fire             5
Comestibles
 c - 9 bread rations
 z - 3 meat rations
 I - 5 fruits
 N - 6 beef jerkies


   Skills:
 + Level 6.4 Fighting
 - Level 2.1 Dodging
 - Level 2.0 Stealth
 - Level 3.6 Spellcasting
 + Level 11.0 Conjurations
 * Level 11.1 Fire Magic


You couldn't memorise any spells.
You knew the following spells:

 Your Spells              Type           Power        Failure   Level  Hunger
a - Flame Tongue          Conj/Fire      #####        1%          1    None
d - Conjure Flame         Conj/Fire      ######..     1%          3    ###....
f - Fireball              Conj/Fire      ######....   4%          5    ######.
r - Regeneration          Chrm/Necr      #.........   52%         3    ###....
s - Sticky Flame          Conj/Fire      ######..     1%          4    ####...


Dungeon Overview and Level Annotations

Branches:
Dungeon (8/15)             Temple (1/1) D:6
   Lair: D:8-11

Altars:
Ashenzari
Cheibriados
Dithmenos
Elyvilon
Fedhas
Gozag
Kikubaaqudgha
Makhleb
Nemelex Xobeh
Qazlal
Ru
Sif Muna
Vehumet
Xom
Yredelemnul
Zin

Shops:
D:6 *

Annotations:
D:8 Gastronok


Innate Abilities, Weirdness & Mutations

You have a beak for a mouth.
You have claws for feet.
You can fly.


Message History

Press: ? - help, v - describe, . - travel
Here: a griffon (flame, lightly wounded)
The floor.
The griffon is engulfed in roaring flames.
The black bear is engulfed in roaring flames.
The griffon is engulfed in roaring flames.
Read which item? (? for menu, Esc to quit)
Okay, then.
Read which item? (? for menu, Esc to quit)
Okay, then.
Drink which item? (? for menu, Esc to quit)
You fade into invisibility!
The griffon bites you!
* * * LOW HITPOINT WARNING * * *
The griffon closely misses you. The griffon misses you.
You are very lightly contaminated with residual magic.
You take 17 damage.
The hog misses you. The hog barely misses you. The griffon bites you!
You die...

############### #.#
.†.hh.H.#....# #.#
.######.#.<#.#### #.#
.# #.####....# #.# .#
#Hh.......# #H#
.#######hH.####.####.#
.#..hYH#Hh.#...h#..#h#
.#..YhY#...#.##.#..#.#
H#...hh'...#....@h.#.#
.#...hH'...####.#H##.##
h#....h'...# #.#.h...#
.#.....'...# #.#######
.#.....#...# #.#
.#.....#...# #H#
h#######...# #.# ##
##.#####.# #.......#


You could see 2 griffons, a hog, a black bear and a hound (wandering).

Vanquished Creatures
  A death yak (D:7)
  A polar bear (D:7)
  Grinder (D:5)
  Sigmund (D:4)
  3 yaks (D:8)
  A hog (D:7)
  A hippogriff (D:8)
  A sky beast (D:8)
  A black bear (D:6)
  2 centaurs
  A necrophage (D:6)
  2 crocodiles
  8 ogres
  2 giant frogs
  A scorpion (D:8)
  10 wights
  4 crimson imps
  A giant frog zombie (D:6)
  3 hounds
  An orc priest (D:5)
  3 orc wizards
  A giant frog skeleton (D:7)
  An iguana (D:5)
  2 worker ants
  15 adders
  A river rat (D:8)
  A shadow imp (D:6)
  2 oozes
  3 worms
  4 giant geckos
  21 orcs
  2 ball pythons
  A bat skeleton (D:7)
  2 bat zombies
  8 giant cockroaches
  16 hobgoblins
  2 quokkas
  22 bats
  8 giant newts
  2 giant spores
  9 goblins
  11 jackals
  16 kobolds
  A quokka skeleton (D:7)
  A quokka zombie (D:5)
  23 rats
  7 ballistomycetes
231 creatures vanquished.

Vanquished Creatures (others)
  An iguana (D:4)
  A goblin (D:6)
  A quokka (D:8)
  7 fungi (D:8)
  5 plants (D:8)
15 creatures vanquished.

Grand Total: 246 creatures vanquished

Notes
Turn   | Place    | Note
--------------------------------------------------------------
     0 | D:1      | xeno23, the Tengu Fire Elementalist, began the quest for the Orb.
     0 | D:1      | Reached XP level 1. HP: 10/10 MP: 4/4
   122 | D:1      | Reached XP level 2. HP: 11/16 MP: 3/6
   753 | D:1      | Reached skill level 1 in Fighting
   842 | D:1      | Reached XP level 3. HP: 12/20 MP: 2/7
  1032 | D:2      | Learned a level 3 spell: Conjure Flame
  1184 | D:2      | Reached skill level 4 in Fire Magic
  1309 | D:2      | Reached XP level 4. HP: 17/26 MP: 4/8
  1495 | D:2      | Found a deep blue altar of Sif Muna.
  2069 | D:3      | Found a burning altar of Makhleb.
  2205 | D:3      | Gained mutation: You can fly. [Tengu growth]
  2205 | D:3      | Reached XP level 5. HP: 30/30 MP: 2/9
  2510 | D:3      | Learned a level 4 spell: Sticky Flame
  3056 | D:4      | Noticed Sigmund
  3067 | D:5      | Entered Level 5 of the Dungeon
  3271 | D:5      | Found a burning altar of Makhleb.
  3308 | D:5      | Noticed a centaur
  3451 | D:5      | Killed a centaur
  3451 | D:5      | Reached skill level 5 in Fire Magic
  3451 | D:5      | Reached XP level 6. HP: 23/36 MP: 4/11
  3871 | D:5      | Reached XP level 7. HP: 41/41 MP: 9/12
  3957 | D:5      | Noticed Grinder
  3964 | D:5      | Noticed an ogre
  4327 | D:4      | Reached skill level 5 in Conjurations
  4956 | D:4      | Found a shattered altar of Ashenzari.
  4961 | D:4      | Became a worshipper of Ashenzari the Shackled
  5256 | D:4      | Learned a level 5 spell: Fireball
  5316 | D:4      | Killed Sigmund
  5316 | D:4      | Reached skill level 6 in Conjurations
  5590 | D:5      | Killed an ogre
  5590 | D:5      | Reached XP level 8. HP: 48/48 MP: 11/14
  5618 | D:5      | Killed Grinder
  5618 | D:5      | Reached skill level 7 in Conjurations
  6237 | D:6      | Reached skill level 8 in Conjurations
  6243 | D:6      | Found a radiant altar of Vehumet.
  6347 | D:6      | Found a staircase to the Ecumenical Temple.
  6377 | Temple   | Entered the Ecumenical Temple
  6774 | D:6      | Found Leosiall's Assorted Antiques.
  6904 | D:6      | Reached skill level 9 in Conjurations
  6904 | D:6      | Reached XP level 9. HP: 39/52 MP: 8/15
  7061 | D:6      | Found a glowing silver altar of Zin.
  7832 | D:7      | Found a huge runed gate.
  7832 | D:7      | Noticed a griffon
  7833 | D:7      | Noticed a griffon
  7833 | D:7      | Found a huge runed gate.
  7833 | D:7      | Found a huge runed gate.
  7833 | D:7      | Noticed a death yak
  7834 | D:7      | Noticed a griffon
  7834 | D:7      | Found a huge runed gate.
  8329 | D:8      | Found a stormy altar of Qazlal.
  8377 | D:8      | Found a sparkling altar of Nemelex Xobeh.
  8405 | D:8      | Reached skill level 10 in Conjurations
  8581 | D:8      | Reached skill level 5 in Fighting
  8751 | D:7      | Upgraded the game from 0.17-a0-957-ga3519be to 0.17-a0-1504-gb7d9117
  8831 | D:8      | Noticed Gastronok
  8971 | D:8      | Found an opulent altar of Gozag.
  9160 | D:8      | Found a shimmering altar of Xom.
  9184 | D:8      | Reached skill level 10 in Fire Magic
  9546 | D:8      | Reached XP level 10. HP: 48/59 MP: 0/16
  9950 | D:8      | Learned a level 3 spell: Regeneration
 10173 | D:8      | Found a white marble altar of Elyvilon.
 10336 | D:7      | Killed a death yak
 10336 | D:7      | Reached skill level 11 in Fire Magic
 10426 | D:7      | Slain by a griffon

Vault maps used:
D:1:      matt_arrival_grand_opening
D:2:      nicolae_overflow_crystal_walls
D:3:      bloody_makhleb
D:4:      kennysheep_little_box, first_bread, uniq_sigmund
D:5:      basic_altar, uniq_grinder
D:6:      fiery_altar_vehumet, lemuel_coloured_pillars_altar,
          minmay_temple_entry_large_hall, serial_shops, nicolae_shop_waterfront,
          hangedman_decor_peaks_small, grunt_decor_mini_mirrors,
          minmay_misc_feat_more_columns
D:7:      lemuel_bear_cage, grunt_ogre_cave, nicolae_benzene_ring
D:8:      old_standard_altar, nicolae_gozag_seed_capital, kennysheep_mini_moat,
          overflow_temple_1_default, grunt_lair_entry_elf_guard_hut,
          elyvilon_altar_4, uniq_gastronok
Temple:   minmay_temple_curvy_8

Action                   |  1- 3 |  4- 6 |  7- 9 | 10-12 || total
-------------------------+-------+-------+-------+-------++-------
Melee: Whip              |     6 |       |       |       ||     6
       Dagger            |    56 |   104 |    46 |       ||   206
       Unarmed           |     1 |       |       |       ||     1
       Spear             |       |     5 |     5 |       ||    10
       Trident           |       |       |   308 |    16 ||   324
       Halberd           |       |       |       |    29 ||    29
 Fire: Blowgun           |       |    25 |    15 |       ||    40
 Cast: Flame Tongue      |    39 |    69 |    66 |       ||   174
       Sticky Flame      |       |     2 |    14 |     8 ||    24
       Conjure Flame     |       |     2 |     5 |     2 ||     9
       Fireball          |       |       |    12 |     5 ||    17
  Use: Scroll            |       |       |    18 |       ||    18
       Potion            |       |       |       |     1 ||     1
 Stab: Sleeping          |     2 |     2 |    12 |       ||    16
       Distracted        |     1 |       |       |     1 ||     2
  Eat: Chunk             |     2 |     9 |    26 |     3 ||    40
       Bread ration      |       |       |       |     1 ||     1
       Pizza             |       |       |       |     1 ||     1
